 Dungeon Crawl Stone Soup version 0.29.0-10-g45618ea6d2 (webtiles) character file.

Game seed: 11727091891041844471

42 SensoryNuts the Trooper (level 3, -1/22 (29) HPs)
             Began as a Demonspawn Fighter on Sept 2, 2022.
             Slain by Terence
             ... wielding a +3 mace of draining
              (6 damage)
             ... on level 2 of the Dungeon.
             The game lasted 00:00:55 (1214 turns).

SensoryNuts the Trooper (Demonspawn Fighter)        Turns: 1214, Time: 00:00:56

HP:   -1/22 (29)    AC:  7    Str: 16    XL:     3   Next: 35%
MP:   3/3           EV:  8    Int:  9    God:
Gold: 51            SH:  5    Dex: 14    Spells: 2/2 levels left

rFire   . . .      SeeInvis .   a - +0 long sword
rCold   . . .      Faith    .   c - +1 buckler
rNeg    . . .      Spirit   .   b - +0 scale mail
rPois   .          Reflect  .   (no helmet)
rElec   .          Harm     .   (no cloak)
rCorr   .          Rampage  .   (no gloves)
Will    .....                   (no boots)
Stlth   ..........              (no amulet)
HPRegen 0.07/turn               (no ring)
MPRegen 0.16/turn               (no ring)

@: heavily drained
A: rugged brown scales 1, magic regeneration
a: no special abilities


You were on level 2 of the Dungeon.
You visited 1 branch of the dungeon, and saw 2 of its levels.

You collected 51 gold pieces.

Inventory:

Hand Weapons
 a - a +0 long sword (weapon)
Armour
 b - a +0 scale mail (worn)
 c - a +1 buckler (worn)
Scrolls
 h - a scroll of identify {unknown}
Potions
 d - a potion of might
 e - a potion of curing
 f - a potion of heal wounds {unknown}
 g - a potion of brilliance {unknown}
 i - a potion of mutation {unknown}


   Skills:
 + Level 3.3 Fighting
 * Level 2.5 Long Blades
 + Level 3.2 Armour
 + Level 0.1 Dodging
 + Level 2.7 Shields


You had 2 spell levels left.
You didn't know any spells.
Your spell library contained the following spells:

 Spells                   Type           Power      Damage    Failure   Level
 Anguish                  Hex/Necr       0%         N/A       100%        4
 Enfeeble                 Hex            0%         N/A       100%        7


Dungeon Overview and Level Annotations

Branches:
Dungeon (2/15)

Altars:

Annotations:
D:2 Terence


Innate Abilities, Weirdness & Mutations

You are partially covered in rugged brown scales. (AC +1, +3% HP)
You regenerate magic rapidly.


Message History

No target in view!
Found a stone staircase leading down.
Terence the Incautious comes into view.
He is wielding a +3 mace of draining.
Terence shouts!
Terence is nearby!
A hobgoblin comes into view.
Found 5 gold pieces.
Terence hits you with a +3 mace of draining.
You feel drained.
You hit Terence but do no damage. You block Terence's attack.
You slash Terence!
Terence is moderately wounded.
You block the hobgoblin's attack. Terence hits you but does no damage.
You feel drained.
Terence hits you with a +3 mace of draining.
You feel drained. The hobgoblin closely misses you.
You hit Terence but do no damage.
Terence is moderately wounded.
The hobgoblin hits you. Terence hits you but does no damage.
You feel drained.
You barely miss Terence.
Terence is moderately wounded.
The hobgoblin closely misses you. Terence barely misses you.
You hit Terence.
Terence is heavily wounded.
You block the hobgoblin's attack.
Terence hits you with a +3 mace of draining.
You feel drained. The hobgoblin hits you. You block Terence's attack.
You barely miss Terence.
Terence is heavily wounded.
You block Terence's attack. The hobgoblin hits you.
It was a potion of curing.
You feel better.
Terence hits you with a +3 mace of draining.
* * * LOW HITPOINT WARNING * * *
You feel drained.
* * * LOW HITPOINT WARNING * * *
The hobgoblin barely misses you.
You hit Terence.
Terence is severely wounded.
Terence hits you with a +3 mace of draining.
You die...

.... ... #... #.. #.†.
#.. ##.# #..
#########.#. #..
.>.......### #
#..############.## #
....#.g....#########.###
#.....@@..............#.
..#.#.##########.#.###.#
.. #........ #.
###.##### .. #.# .$
#.##### # #......
#######


You could see Terence and a hobgoblin.

Vanquished Creatures
  An adder (D:2)
  3 dart slugs (D:1)
  A bat (D:1)
  3 endoplasms (D:1)
  3 giant cockroaches (D:1)
  4 hobgoblins
  3 kobolds (D:1)
  3 ball pythons (D:1)
  A frilled lizard (D:2)
  4 rats (D:1)
26 creatures vanquished.

Notes
Turn   | Place    | Note
-------+----------+-------------------------------------------
     0 | D:1      | SensoryNuts the Demonspawn Fighter began the quest for the
                  | Orb.
     0 | D:1      | Reached XP level 1. HP: 18/18 MP: 1/1
   383 | D:1      | Gained mutation: You are partially covered in rugged brown
                  | scales. (AC +1, +3% HP) [demonic ancestry]
   383 | D:1      | Reached XP level 2. HP: 16/24 MP: 2/2
   773 | D:1      | Gained mutation: You regenerate magic rapidly. [demonic
                  | ancestry]
   773 | D:1      | Reached XP level 3. HP: 23/29 MP: 1/3
   895 | D:1      | Found a faded altar of an unknown god.
  1203 | D:2      | Noticed Terence
  1214 | D:2      | Slain by Terence

Illustrated notes

Levels and vault maps discovered:
D:1:      shiori_shiawase, layout_basic, dilly_ecumenical_altar_fadedgnrine
D:2:      minmay_diamond_boxcup, layout_loops_ring, uniq_sigmund, uniq_terence

Skill      XL: |  1  2 |
---------------+-------+-----
Armour         | 3 |  3.2
Long Blades    | 2 |  2.5
Fighting       | |  3.3
Dodging        | |  0.1
Shields        | |  2.7

Action                   || total
-------------------------++-------
Melee: Long sword        ||    86
  Use: Scroll            ||     1
       Potion            ||     1
Armor: Scale mail        ||    34
Dodge: Dodged            ||    29
Block: Buckler           ||    25
